cohdb
Replays
Latest Replays
All Replays
Popular Replays
Top Player Replays
Match Explorer
How It Works
Community
CoH3 Stats
Reddit
Sign in to upload your games and track your stats! →
Sign in with Steam
Match 47476749
Unlisted
Match 47476749
Overview
Messages
Build Orders
End
Construct Infanterie Kompanie
Kettenkrad Recon Vehicle
Selects Breakthrough Battlegroup
MG 42 Machine Gun Team
Grenadier Squad
MG 42 Machine Gun Team
Construct Panzergrenadier Kompanie
Grenadier Squad
Selects 2.5-tonne Cargo Truck
Selects Assault Grenadiers
2.5-tonne Cargo Truck
Support Elements
Panzergrenadier Squad
StuG III G Assault Gun
Pak 40 Anti-tank Gun Team
StuG III G Assault Gun
Selects Blitzkrieg
Selects Smoke Bombing Run
Smoke Bombing Run
Blitzkrieg
Selects Incendiary Bombing Run
StuG III G Assault Gun
Pak 40 Anti-tank Gun Team
Incendiary Bombing Run
Pak 40 Anti-tank Gun Team
OhnePixel
Королева PizdаliSov
黑的白渡鴉
Cicero_540
Jm200092
TwistedTootsy
Alekel
Soud
0
0
Comments
sign in to comment!
No comments posted yet!